AoeStats
← [AirBo]一大包

Nomad

507750635Analyzed
4v4 RM · 11d ago on Sep 19, 2026· 29m 52s· 8 players
Game mode
Random Map
Map size
231×231
Population
200
Speed
Normal
Resources
Standard
Victory
Conquest
Starting age
Dark Age
Ending age
Imperial Age
RankedLock teamsTeams togetherTeam positionsShared explorationLock speedFull tech treeHidden civsTurbo modeCheats
Victory
Defeat
🇦🇷 Tatars · Argentina
1706
+11
🇭🇰 Bengalis · Hong Kong SAR China
1685
+12
🇹🇼 Bulgarians · Taiwan
1610
+15
🇹🇼 Chinese · Taiwan
1598
+14
🇵🇪 Byzantines · Peru
1689
-18
🇨🇴 Poles · Colombia
1567
-12
🇺🇸 Goths · United States
1540
-11
🇨🇳 Berbers · China
1538
-11
[AirBo]實心包
8:58 Loom
13:32 Feudal Age
17:21 Castle Age
20:05 Medium Warships
20:56 Fletching
20:52 Double-Bit Axe
22:45 Bodkin Arrow
28:19 Horse Collar
甜心包
3:29 Loom
15:37 Feudal Age
19:37 Castle Age
18:22 Double-Bit Axe
19:53 Fishing Lines
20:41 Medium Warships
[AirBo]一大包
3:05 Loom
12:50 Feudal Age
17:01 Castle Age
17:14 Double-Bit Axe
18:58 Medium Warships
19:41 Wheelbarrow
20:00 Bow Saw
19:33 Horse Collar
22:54 Hand Cart
[AirBo]空氣包
9:21 Loom
14:57 Feudal Age
18:34 Castle Age
18:15 Double-Bit Axe
19:37 Bow Saw
20:48 Scale Barding Armor
24:34 Forging
25:01 Town Watch
29:27 Iron Casting
29:15 Chain Barding Armor
30:29 Wheelbarrow
jmolinao
4:28 Loom
12:46 Feudal Age
16:46 Castle Age
15:24 Town Watch
16:12 Fletching
17:51 Double-Bit Axe
18:00 Horse Collar
trollano
5:57 Loom
14:08 Feudal Age
18:33 Castle Age
17:28 Scale Mail Armor
17:47 Double-Bit Axe
18:20 Forging
19:37 Fletching
26:48 Squires
noru
12:25 Feudal Age
13:51 Loom
14:16 Loom
17:13 Castle Age
15:42 Double-Bit Axe
18:30 Bow Saw
20:51 Horse Collar
24:40 Husbandry
26:58 Wheelbarrow
27:02 Stone Mining
向阳花
5:30 Loom
15:47 Feudal Age
20:11 Castle Age
19:26 Fletching
19:38 Gold Mining
19:43 Double-Bit Axe
22:22 Horse Collar
22:42 Bodkin Arrow
23:40 Padded Archer Armor
Connection lost

Rejoining the realm…

Still unreachable

The connection could not be restored.

Session expired

The server has moved on; the page needs a fresh start.